 Dungeon Crawl Stone Soup version 0.21-a0-154-gb5400c9 (webtiles) character file.

18 KarmaPolice the Skirmisher (level 2, -4/16 HPs)
             Began as a Vine Stalker Fighter on Aug 2, 2017.
             Slain by a gnoll
             ... wielding a +0 halberd
              (6 damage)
             ... on level 1 of the Dungeon.
             The game lasted 00:01:19 (320 turns).

KarmaPolice the Skirmisher (Vine Stalker Fighter)    Turns: 320, Time: 00:01:20

Health: -4/16      AC:  6    Str: 18    XL:     2   Next: 70%
Magic:  0/3        EV:  7    Int:  8    God:
Gold:   10         SH:  9    Dex: 13    Spells: 1/1 levels left

rFire    . . .     SeeInvis .   a - +0 long sword
rCold    . . .     Gourm    .   c - +0 shield
rNeg     . . .     Faith    .   b - +0 scale mail
rPois    .         Spirit   +   (no helmet)
rElec    .         Reflect  .   (no cloak)
rCorr    .         Harm     .   (no gloves)
MR       .....                  (no boots)
Stlth    ..........             (no amulet)
HPRegen  0.05/turn              (no ring)
MPRegen  0.08/turn              (no ring)

@: no status effects
A: fangs 2, magic shield, antimagic bite, no potion heal 3, rot immunity
a: no special abilities


You were on level 1 of the Dungeon.
You were not hungry.

You visited 1 branch of the dungeon, and saw 1 of its levels.

You collected 10 gold pieces.

Inventory:

Hand Weapons
 a - a +0 long sword (weapon)
Armour
 b - a +0 scale mail (worn)
 c - a +0 shield (worn)
Jewellery
 k - a cursed ring of teleportation {unknown}
Scrolls
 e - a scroll of enchant armour {unknown}
 g - 2 scrolls of teleportation {unknown}
 i - 2 scrolls of identify {unknown}
 m - a scroll of magic mapping {unknown}
Potions
 d - a potion of might
 l - a potion of invisibility {unknown}
Comestibles
 f - a bread ration
 h - a chunk of flesh
 j - 2 meat rations


   Skills:
 + Level 3.1 Fighting
 + Level 2.2 Long Blades
 + Level 2.6 Armour
 - Level 2.6 Shields


You had one spell level left.
You didn't know any spells.

Dungeon Overview and Level Annotations

Branches:
Dungeon (1/15)

Altars:


Innate Abilities, Weirdness & Mutations

You have extremely sharp teeth.
When hurt, damage is shared between your health and your magic reserves.
Your bite disrupts and absorbs the magic of your enemies.
Potions cannot restore your health.
You are immune to rotting.


Message History

The gnoll shouts!
A frilled lizard comes into view.
The gnoll hits you but does no damage. The gnoll hits you with a halberd.
You closely miss the gnoll. The gnoll hits you with a halberd.
You barely miss the gnoll. You bite the gnoll. You drain its power.
The gnoll is lightly wounded.
The gnoll hits you but does no damage.
You hit the gnoll.
The gnoll is moderately wounded.
You block the gnoll's attack.
You hit the gnoll but do no damage. Your bite misses the gnoll.
The gnoll is moderately wounded.
The gnoll hits you with a halberd!
Ouch! That really hurt!
* * * LOW HITPOINT WARNING * * *
You barely miss the gnoll.
The gnoll is moderately wounded.
The gnoll completely misses you. The gnoll hits you with a halberd.
You die...

#####..#)#.#.#.#.#.#.#.#)#
#.....####################
#.###.# #.....#### #####
###
######...#####...###...
#>...............
#...#####.....#.#
#...#####.....#.#
#...@g........#.#
#..########...#.#####
##..#####.##......(...
#.........##..........
#.........##..........
#.........##..........
#........###...#.##...
##†......# #...#.. l..
#.....##.# #...#### ..


You could see a gnoll.

Vanquished Creatures
  3 giant cockroaches (D:1)
  A goblin (D:1)
  4 hobgoblins (D:1)
  2 ball pythons (D:1)
  3 bats (D:1)
  A frilled lizard (D:1)
  2 kobolds (D:1)
  A rat (D:1)
17 creatures vanquished.

Notes
Turn   | Place    | Note
-------+----------+-------------------------------------------
     0 | D:1      | KarmaPolice the Vine Stalker Fighter began the quest for the Orb.
     0 | D:1      | Reached XP level 1. HP: 11/11 MP: 2/2
   128 | D:1      | Reached XP level 2. HP: 8/16 MP: 1/3
   162 | D:1      | Reached skill level 3 in Fighting
   320 | D:1      | Slain by a gnoll

Vault maps used:
D:1:      sevenhm_arrival_forest_fort_small_1, roderic_roman_lattice

Skill      XL: |  1  2 |
---------------+-------+-----
Long Blades    | 2 |  2.2
Fighting       | 3 |  3.1
Armour         | |  2.6
Shields        | |  2.6

Action                   || total
-------------------------++-------
Melee: Long sword        ||    43
       Bite              ||     7
Armor: Scale mail        ||    18
Dodge: Dodged            ||    10
Block: Shield            ||    21
       Rpst.: Long sword ||     1
